 Dungeon Crawl Stone Soup version 0.21.1-1-g345015f (webtiles) character file.

20 TinyReaver the Caller (level 2, 0/15 HPs)
             Began as a Tengu Summoner on Apr 30, 2018.
             Slain by an adder (5 damage)
             ... on level 2 of the Dungeon.
             The game lasted 00:04:35 (1045 turns).

TinyReaver the Caller (Tengu Summoner)              Turns: 1045, Time: 00:04:36

Health: 0/15       AC:  2    Str:  8    XL:     2   Next: 79%
Magic:  4/6        EV: 13    Int: 15    God:
Gold:   40         SH:  0    Dex: 14    Spells: 2/5 levels left

rFire    . . .     SeeInvis .   e - +0 dagger
rCold    . . .     Gourm    .   (no shield)
rNeg     . . .     Faith    .   a - +0 robe
rPois    .         Spirit   .   (helmet restricted)
rElec    .         Reflect  .   (no cloak)
rCorr    .         Harm     .   (no gloves)
MR       .....                  (boots unavailable)
Stlth    ++........             (no amulet)
HPRegen  0.05/turn              (no ring)
MPRegen  0.10/turn              (no ring)

@: lethally poisoned (0 -> -10)
A: beak, talons 3
a: no special abilities


You were on level 2 of the Dungeon.
You were not hungry.

You visited 1 branch of the dungeon, and saw 2 of its levels.

You collected 40 gold pieces.

Inventory:

Hand Weapons
 e - a +0 dagger (weapon)
Armour
 a - a +0 robe (worn)
Jewellery
 h - an uncursed ring of positive energy {unknown}
 i - an uncursed ring of protection from cold {unknown}
Scrolls
 f - 2 scrolls of amnesia {unknown}
 k - a scroll of identify {unknown}
 m - a scroll of teleportation {unknown}
Potions
 d - a potion of heal wounds {unknown}
 g - a potion of curing {unknown}
 j - a potion of haste {unknown}
 l - a potion of agility {unknown}
Books
 b - a book of Callings

   Spells                             Type                      Level
   a - Summon Small Mammal            Summoning                    1
   b - Call Imp                       Summoning                    2
   c - Call Canine Familiar           Summoning                    3
   d - Summon Guardian Golem          Hexes/Summoning              3
   e - Summon Lightning Spire         Summoning/Air                4
   f - Summon Ice Beast               Ice/Summoning                4
Comestibles
 c - 2 rations
 n - a chunk of flesh


   Skills:
 + Level 0.2 Short Blades
 + Level 2.3 Dodging
 + Level 2.0 Stealth
 + Level 2.2 Spellcasting
 + Level 5.4 Summonings


You had 2 spell levels left.
You knew the following spells:

 Your Spells              Type           Power        Failure   Level  Hunger
a - Summon Small Mammal   Summ           ###.         2%          1    #......
b - Call Imp              Summ           ###.....     3%          2    ###....


Dungeon Overview and Level Annotations

Branches:
Dungeon (2/15)

Altars:


Innate Abilities, Weirdness & Mutations

You have a beak for a mouth.
You have claws for feet.


Message History

Your bat misses the adder. The adder misses you. The adder closely misses you.
Your crimson imp closely misses the adder.
A hobgoblin comes into view.
You barely miss the adder. Your peck misses the adder.
The adder is lightly wounded.
You feel sick.
Your bat barely misses the adder.
Your bat completely misses the adder.
The bat misses your crimson imp.
Your bat barely misses the adder.
The adder bites you.
You are lethally poisoned!
The adder poisons you!
Your crimson imp barely misses the adder.
You hit the adder. You claw the adder.
The adder is moderately wounded.
Your bat hits the adder. The bat closely misses you.
The adder closely misses you.
Your crimson imp hits the adder.
You hit the adder.
The adder is severely wounded.
You feel sick. The bat closely misses you.
Your bat closely misses the adder.
Your bat misses the adder. The adder bites you.
You die...

### #@#
#...$bSb#
#.#####5(
#.#.
#.#.. #g#
## #.#
.%.


You could see an adder, a hobgoblin, a bat, a friendly crimson imp and a
friendly bat.

Vanquished Creatures
  A leopard gecko (D:1)
  A bat (D:1)
  A giant cockroach (D:1)
  2 goblins (D:1)
  A hobgoblin (D:2)
  A frilled lizard (D:1)
  2 rats (D:1)
9 creatures vanquished.

Vanquished Creatures (collateral kills)
  2 dart slugs (D:1)
  A goblin (D:1)
  2 hobgoblins (D:1)
  2 kobolds
  3 bats (D:1)
  A rat (D:1)
11 creatures vanquished.

Grand Total: 20 creatures vanquished

Notes
Turn   | Place    | Note
-------+----------+-------------------------------------------
     0 | D:1      | TinyReaver the Tengu Summoner began the quest for the Orb.
     0 | D:1      | Reached XP level 1. HP: 10/10 MP: 4/4
    90 | D:1      | Reached skill level 5 in Summonings
   169 | D:1      | Reached XP level 2. HP: 12/15 MP: 1/6
   454 | D:1      | Learned a level 2 spell: Call Imp
  1045 | D:2      | Slain by an adder

Skill      XL: |  1 |
---------------+----+-----
Summonings     | 5 |  5.4
Short Blades   | |  0.2
Dodging        | |  2.3
Stealth        | |  2.0
Spellcasting   | |  2.2

Action                   || total
-------------------------++-------
Melee: Dagger            ||    21
       Kick              ||     8
       Unarmed           ||     2
       Peck              ||     2
 Cast: Summon Small Mamm ||    16
       Call Imp          ||     6
 Stab: Sleeping          ||     1
  Eat: Chunk             ||     1
Armor: Robe              ||     9
Dodge: Dodged            ||    33
